 Dungeon Crawl Stone Soup version 0.28.0-53-g5a82cb258f (webtiles) character file.

Game seed: 10284107918257464123

644 Zeld the Conjurer (level 7, -2/36 HPs)
             Began as a Gargoyle Conjurer on June 1, 2022.
             Slain by a gnoll sergeant zombie
             ... wielding a +2 trident of venom
              (6 damage)
             ... on level 5 of the Dungeon.
             The game lasted 00:08:13 (8822 turns).

Zeld the Conjurer (Gargoyle Conjurer)               Turns: 8822, Time: 00:08:13

Health: -2/36      AC:  8    Str: 10    XL:     7   Next: 52%
Magic:  3/14       EV: 11    Int: 21    God:
Gold:   178        SH:  0    Dex:  8    Spells: 5/16 levels left

rFire   . . .      SeeInvis .   a - +5 mace of Gozag's Favour {vorpal, rPois}
rCold   . . .      Faith    .   (no shield)
rNeg    + . .      Spirit   .   b - +0 robe
rPois   ∞          Reflect  .   (no helmet)
rElec   +          Harm     .   j - +0 cloak
rCorr   .          Rampage  .   (no gloves)
Will    .....                   g - +0 pair of boots
Stlth   ++........              (no amulet)
HPRegen 0.12/turn               (no ring)
MPRegen 0.14/turn               (no ring)

@: very slightly contaminated
A: sickness immunity, AC +4, negative energy resistance 1, electricity
resistance, torment resistance 1, petrification resistance
a: no special abilities


You were on level 5 of the Dungeon.
You visited 1 branch of the dungeon, and saw 5 of its levels.

You collected 178 gold pieces.

Inventory:

Hand Weapons
 a - the +5 mace of Gozag's Favour (weapon) {vorpal, rPois}
   (You found it on level 2 of the Dungeon)

   It inflicts extra damage upon your enemies.
   rPois:     It protects you from poison.
Missiles
 p - 34 bolts
Armour
 b - a +0 robe (worn)
 g - a +0 pair of boots (worn)
 j - a +0 cloak (worn)
 w - an orb of energy
Scrolls
 c - 2 scrolls of teleportation {unknown}
 d - a scroll of brand weapon {unknown}
 k - a scroll of enchant armour {unknown}
 m - a scroll of identify {unknown}
 n - a scroll of noise {unknown}
 r - a scroll of fog {unknown}
 t - 3 scrolls of vulnerability {unknown}
 u - a scroll of summoning {unknown}
Potions
 e - a potion of heal wounds
 f - a potion of ambrosia {unknown}
 h - 3 potions of curing {unknown}
 i - a potion of lignification {unknown}
 l - a potion of berserk rage {unknown}
 o - 3 potions of degeneration {unknown}
 q - a potion of haste {unknown}
 s - a potion of brilliance {unknown}
 v - a potion of resistance


   Skills:
 + Level 3.0 Maces & Flails
 - Level 1.5 Dodging
 - Level 2.1 Stealth
 * Level 5.0 Spellcasting
 + Level 5.9 Conjurations
 - Level 2.0 Hexes
 - Level 2.0 Translocations


You had 5 spell levels left.
You knew the following spells:

 Your Spells              Type           Power      Damage    Failure   Level
a - Magic Dart            Conj           100%       1d8       1%          1
b - Searing Ray           Conj           60%        2d6       1%          2
c - Fulminant Prism       Conj/Hex       10%        3d9       22%         4
d - Iskenderun's Mystic   Conj/Tloc      21%        2d6       22%         4

Your spell library contained the following spells:

 Spells                   Type           Power      Damage    Failure   Level
 Dazzling Flash           Conj/Hex       42%        N/A       6%          3
 Pain                     Necr           20%        1d5       11%         1
 Agony                    Necr           5%         N/A       96%         5
 Excruciating Wounds      Necr           2%         N/A       96%         5


Dungeon Overview and Level Annotations

Branches:
Dungeon (5/15)
 Temple: D:4-7

Altars:
Trog

Shops:
D:2 =

Annotations:
D:5 1 transporter, Edmund


Innate Abilities, Weirdness & Mutations

You are immune to sickness and miasma.
Your stone body is resilient. (AC +4)
You are immune to poison.
You resist negative energy. (rN+)
You are resistant to electric shocks. (rElec)
You are resistant to unholy torment.
You are immune to petrification.


Message History

The orc warrior zombie barely misses you.
Unknown command.
Unknown command.
Casting: Iskenderun's Mystic Blast (extremely dangerous; 22% risk of failure)
Confirm with . or Enter, or press ? or * to list all spells.
The spell is extremely dangerous to miscast (22% risk of failure)!
Continue anyway?
You erupt in a blast of force!
The mystic blast hits the gnoll sergeant zombie!
The gnoll sergeant zombie is moderately damaged.
The gnoll sergeant zombie is knocked back by the mystic blast.
The mystic blast hits the orc warrior zombie!
The orc warrior zombie is moderately damaged.
The orc warrior zombie is knocked back by the mystic blast.
The mystic blast hits the ogre zombie!
The ogre zombie is moderately damaged.
The ogre zombie is knocked back by the mystic blast.
The ogre zombie slams into the stone wall!
The ogre zombie is moderately damaged.
Unknown command.
Casting: Iskenderun's Mystic Blast (extremely dangerous; 22% risk of failure)
Confirm with . or Enter, or press ? or * to list all spells.
The spell is extremely dangerous to miscast (22% risk of failure)!
Continue anyway?
You erupt in a blast of force!
The mystic blast hits the ogre zombie!
The ogre zombie is severely damaged.
The ogre zombie is knocked back by the mystic blast.
The ogre zombie slams into the stone wall!
The ogre zombie is severely damaged.
The ogre zombie hits you with a +0 giant club of venom!
Unknown command.
The orc warrior zombie hits you with a +0 hand axe of venom!
You see here an orb of energy.
w - an orb of energy The gnoll sergeant zombie closely misses you.
The orc warrior zombie hits you but does no damage.
The ogre zombie hits you with a +0 giant club of venom!
* * * LOW HITPOINT WARNING * * *
The gnoll sergeant zombie hits you with a +2 trident of venom.
* * * LOW HITPOINT WARNING * * *
The gnoll sergeant zombie hits you from afar with a +2 trident of venom.
You die...

######...######.# #..# #.#
#...............# #..#####.#####
#.#####..###########.............
#.# #......†....##.######.#####
#.# #...############ #.........
#.#####...# #°○☼°○#############
..........# ##○☼○○○#°○☼.°○####
#.#####.#.#####○☼○°○#☼°°.○.#..#
#.# #....#..#$@.○○'.#.#○°#..##
#.#######....©#©(.○Z☼...©..#©..##
#.#...........#$$ZZ○○.#.#..#.....
#.#.#####..####○°°☼○#○°☼.○☼#####.
..#.# #..##.#○☼○°○#○°°.○.#####.
.##.# #....##°°°°☼########.....
.##.# ##.###.#######.....######.
.##.# #..####.##.###.#.#.# #.
.##.# #................#.# #.


You could see a gnoll sergeant zombie, an orc warrior zombie and an ogre zombie.

Vanquished Creatures
  A kobold brigand (D:3)
  A scorpion (D:5)
  A howler monkey (D:4)
  A bullfrog zombie (D:5)
  A hound (D:5)
  3 orc priests (D:5)
  Crazy Yiuf (D:2)
  An iguana (D:4)
  2 orc wizards
  11 adders
  2 adder skeletons (D:4)
  2 worms (D:5)
  3 dart slugs
  7 orcs
  7 ball pythons
  5 endoplasms
  2 giant cockroaches
  4 goblins
  10 hobgoblins
  6 jackals
  14 kobolds
  6 quokkas
  4 bats
  3 frilled lizards
  10 rats
108 creatures vanquished.

Vanquished Creatures (others)
  A fulminant prism (D:5)
1 creature vanquished.

Grand Total: 109 creatures vanquished

Notes
Turn   | Place    | Note
-------+----------+-------------------------------------------
     0 | D:1      | Zeld the Gargoyle Conjurer began the quest for the Orb.
     0 | D:1      | Reached XP level 1. HP: 10/10 MP: 3/3
   449 | D:1      | Reached XP level 2. HP: 15/15 MP: 3/5
   488 | D:1      | Learned a level 2 spell: Searing Ray
   958 | D:1      | Reached skill level 1 in Hexes
   986 | D:1      | Reached skill level 1 in Translocations
  1033 | D:1      | Reached XP level 3. HP: 17/19 MP: 6/6
  1868 | D:2      | Found a faded altar of an unknown god.
  2027 | D:2      | Reached XP level 4. HP: 16/24 MP: 2/8
  2175 | D:2      | Identified the +5 mace of Gozag's Favour {vorpal, rPois}
  2176 | D:2      | Identified the +3 mace "Uwicw" {flame, Dex+3}
  2433 | D:2      | Found Igown's Jewellery Emporium.
  2684 | D:2      | Found a runed translucent door.
  2685 | D:2      | Noticed Crazy Yiuf
  2744 | D:2      | Killed Crazy Yiuf
  2745 | D:2      | Reached XP level 5. HP: 26/28 MP: 9/9
  3201 | D:3      | Noticed a kobold brigand
  3643 | D:3      | You fall into a shaft and drop 1 floor!
  3668 | D:4      | Reached skill level 1 in Maces & Flails
  3675 | D:4      | Learned a level 4 spell: Fulminant Prism
  3833 | D:4      | Reached skill level 5 in Conjurations
  4172 | D:4      | Reached XP level 6. HP: 32/32 MP: 11/11
  4177 | D:4      | Learned a level 4 spell: Iskenderun's Mystic Blast
  6082 | D:5      | Entered Level 5 of the Dungeon
  7058 | D:5      | Reached XP level 7. HP: 23/36 MP: 8/13
  7445 | D:5      | Found a transporter.
  7608 | D:5      | Reached skill level 5 in Spellcasting
  7730 | D:5      | Noticed Edmund
  8197 | D:5      | Noticed a moth of wrath
  8201 | D:5      | Found a bloodstained altar of Trog.
  8399 | D:5      | Found a transporter.
  8822 | D:5      | Slain by a gnoll sergeant zombie

Illustrated notes

Levels and vault maps discovered:
D:1:      lemuel_arrival_hallway, layout_basic, st_stairs_12
D:2:      layout_loops_ring, ebering_ecumenical_altar_abandoned, serial_shops,
          shop, uniq_crazy_yiuf_cottage
D:3:      cheibrodos_thug_alley, layout_basic, columned_hall_lemuel
D:4:      layout_basic, hangedman_decor_opposing, minmay_door_square,
          chequers_jeans, hangedman_glass_teeth, saegor_snake_ambush
D:5:      gammafunk_cloud_chamber, layout_loops_ring, tgw_trog,
          nrook_loot_triangle, hex_tiny, item_on_display_a, uniq_edmund

Skill      XL: |  1  2  3  4  5  6  7 |
---------------+----------------------+-----
Hexes          | 1 2 |  2.0
Translocations | 1 2 |  2.0
Spellcasting   | 3 4 5 |  5.0
Maces & Flails | 1 2 3 |  3.0
Conjurations   | 5 |  5.9
Dodging        | |  1.5
Stealth        | |  2.1

Action                   |  1- 3 |  4- 6 |  7- 9 || total
-------------------------+-------+-------+-------++-------
Melee: Unarmed           |    39 |       |       ||    39
       Mace              |    71 |   122 |    22 ||   215
       Punch             |     1 |     2 |       ||     3
 Cast: Magic Dart        |    15 |       |       ||    15
       Searing Ray       |     9 |     7 |     2 ||    18
       Iskenderun's Myst |       |     3 |    14 ||    17
       Fulminant Prism   |       |     1 |       ||     1
 Stab: Sleeping          |       |     3 |       ||     3
Armor: Robe              |    74 |    60 |    16 ||   150
Dodge: Dodged            |   110 |   113 |    18 ||   241
